 Dungeon Crawl Stone Soup version 0.30-a0-462-gd5975efbca (webtiles) character file.

Game seed: 11271287334272394023

2660 holysushi the Grappler (level 9, 0/68 HPs)
             Began as a Demonspawn Gladiator on Dec 16, 2022.
             Was a Believer of Wu Jian.
             Slain by a hornet (11 damage)
             ... on level 8 of the Dungeon.
             The game lasted 00:16:10 (7751 turns).

holysushi the Grappler (Demonspawn Gladiator)       Turns: 7751, Time: 00:16:11

Health: 0/68       AC: 14    Str: 20    XL:     9   Next: 36%
Magic:  9/9        EV: 14    Int:  9    God:    Wu Jian [**....]
Gold:   360        SH:  0    Dex: 14    Spells: 8/8 levels left

rFire   . . .      SeeInvis .      - Unarmed
rCold   . . .      Faith    .    (no shield)
rNeg    . . .      Spirit   .    u - +0 leather armour {Will+}
rPois   .          Reflect  .    c - +1 helmet
rElec   .          Harm     .    B - +2 cloak
rCorr   .          Rampage  .    s - +1 pair of gloves
Will    +....                    (no boots)
Stlth   ++........               (no amulet)
HPRegen 0.31/turn                m - +4 ring of protection
MPRegen 0.11/turn                (no ring)

@: lethally poisoned (0 -> -2), slowed, very slow
A: hooves 1, ignite blood 2, demonic magic 2, weakness stinger 1
a: Renounce Religion, Wall Jump


You were on level 8 of the Dungeon.
You worshipped Wu Jian.
Wu Jian was pleased with you.
You visited 2 branches of the dungeon, and saw 9 of its levels.

You collected 360 gold pieces.

Inventory:

Missiles
 d - 4 throwing nets (quivered)
 e - a javelin
Armour
 b - a +0 leather armour
 c - a +1 helmet (worn)
 i - a +0 pair of boots
 s - a +1 pair of gloves (worn)
 u - a +0 leather armour of willpower (worn)
 B - a +2 cloak (worn)
 H - a +1 robe of fire resistance
Jewellery
 l - a +6 ring of strength
 m - a +4 ring of protection (left hand)
 r - an amulet of faith
 v - a +6 ring of intelligence
Wands
 y - a wand of flame (10)
 A - a wand of light (11)
 J - a wand of polymorph (6)
Scrolls
 f - a scroll of fear
 h - a scroll of poison {unknown}
 k - 2 scrolls of blinking
 n - a scroll of amnesia
 q - a scroll of teleportation
 w - a scroll of torment {unknown}
 C - a scroll of noise
 E - a scroll of fog
 F - 2 scrolls of silence
Potions
 a - a potion of haste
 g - a potion of curing
 j - 4 potions of degeneration {unknown}
 o - a potion of might
 p - 2 potions of magic {unknown}
 t - 3 potions of resistance {unknown}
 x - a potion of mutation {unknown}
 z - 2 potions of ambrosia {unknown}
 G - a potion of lignification {unknown}


   Skills:
 + Level 5.3 Fighting
 - Level 3.2 Polearms
 - Level 1.7 Throwing
 * Level 7.0 Dodging
 - Level 2.0 Stealth
 - Level 8.1 Unarmed Combat


You had 8 spell levels left.
You didn't know any spells.
Your spell library contained the following spells:

 Spells                   Type           Power      Damage    Failure   Level
 Blink                    Tloc           0%         N/A       58%         2
 Vhi's Electric Charge    Tloc/Air       0%         N/A       82%         3
 Manifold Assault         Tloc           0%         N/A       99%         4
 Arcjolt                  Conj/Air       0%         1d10      100%        5
 Storm Form               Tmut/Air       0%         N/A       100%        7
 Maxwell's Capacitive Co  Air            0%         ∞         100%        8


Dungeon Overview and Level Annotations

Branches:
Dungeon (8/15) Zot: 26521  Temple (1/1) D:4 Zot: 5782
   Lair: D:8-11

Altars:
Ashenzari
Cheibriados
Dithmenos
Fedhas
Gozag
Kikubaaqudgha
Makhleb
Nemelex Xobeh
Qazlal
Trog
Uskayaw
Wu Jian
Yredelemnul

Annotations:
D:6 exclusion: downstairs
D:7 exclusions: downstairs and two-headed ogre


Innate Abilities, Weirdness & Mutations

You have large cloven feet.
Your demonic aura often causes spilled blood to erupt in flames.
Spells you cast may paralyse nearby enemies.
You have a small tail.


Message History

The hornet stings you!
You feel as though you will be slow longer.
The hornet stings you but does no damage.
You punch the hornet! You kick the hornet, but do no damage.
The hornet is severely wounded.
You feel sick. The hornet closely misses you.
You hit the hornet but do no damage.
The hornet is severely wounded.
You feel sick. The hornet stings you!
You feel as though you will be slow longer.
The hornet barely misses you.
You hit the hornet. You kick the hornet, but do no damage.
The hornet is severely wounded.
You feel sick. The hornet stings you!
You feel as though you will be slow longer.
The hornet barely misses you.
You closely miss the hornet. Your kick misses the hornet.
The hornet is severely wounded.
You feel sick. The hornet barely misses you.
The hornet stings you but does no damage.
The hornet attacks as you move away! The hornet stings you.
You are more poisoned.
You feel as though you will be slow longer.
You feel very sick.
There is an open door here.
You spin and attack the hornet.
You closely miss the hornet.
The hornet is severely wounded.
You feel very sick. The hornet stings you.
* * * LOW HITPOINT WARNING * * *
You feel as though you will be slow longer.
The hornet stings you but does no damage.
You hit the hornet but do no damage.
The hornet is severely wounded.
You feel sick.
The hornet stings you but does no damage. x2
You barely miss the hornet. Your kick misses the hornet.
The hornet is severely wounded.
You feel sick. The hornet stings you!
You die...

#..# #######. #..###
#. ##....# ########
#.....# #...†).'
#.....#######.######
+........†.........+
#...........#.......
###'#######.#..##+##
#@y..# ....## #
#.....$........##
########.##)..##
.##...# ##..## .. ##
# #.# #.## ##
#.###..# #.
#..##..###.


You could see a hornet.

Vanquished Creatures
  Maurice (D:8)
  Sigmund (D:6)
  A steam dragon (D:6)
  Menkaure (D:5)
  An orc warrior (D:7)
  2 sky beasts (D:7)
  A black bear (D:6)
  Duvessa (D:6)
  An ogre (D:4)
  A kobold brigand (D:7)
  3 bullfrogs
  3 scorpions
  Dowan (D:6)
  8 killer bees
  A howler monkey (D:5)
  2 orc priests (D:7)
  A jelly (D:5)
  3 hounds
  2 iguanas (D:6)
  2 orc wizards
  A mummy (D:6)
  6 adders
  2 white imps
  3 ufetubi
  A worm (D:3)
  A dart slug (D:5)
  17 orcs
  7 endoplasms
  3 giant cockroaches
  6 hobgoblins
  10 jackals
  2 quokkas
  6 ball pythons
  4 bats
  4 frilled lizards
  6 goblins
  9 kobolds
  5 rats
130 creatures vanquished.

Notes
Turn   | Place    | Note
-------+----------+-------------------------------------------
     0 | D:1      | holysushi the Demonspawn Gladiator began the quest for the
                  | Orb.
     0 | D:1      | Reached XP level 1. HP: 16/16 MP: 1/1
   154 | D:1      | Discovered your monstrous ancestry.
   154 | D:1      | Gained mutation: You have a small tail. [demonic ancestry]
   154 | D:1      | Reached XP level 2. HP: 22/22 MP: 2/2
   375 | D:1      | Reached skill level 1 in Unarmed Combat
   650 | D:2      | Reached XP level 3. HP: 19/27 MP: 3/3
   983 | D:2      | Reached skill level 2 in Unarmed Combat
  1466 | D:3      | Noticed a bullfrog
  1519 | D:3      | Gained mutation: You have large cloven feet. [demonic
                  | ancestry]
  1519 | D:3      | Reached XP level 4. HP: 30/33 MP: 4/4
  1550 | D:3      | Noticed a scorpion
  1641 | D:4      | Found a staircase to the Ecumenical Temple.
  1715 | Temple   | Entered the Ecumenical Temple
  1897 | Temple   | Became a worshipper of the Wu Jian Council
  1965 | D:4      | Reached skill level 3 in Unarmed Combat
  2050 | D:4      | Noticed a +0 dagger
  2051 | D:4      | Noticed a +0 dagger
  2051 | D:4      | Noticed a +0 falchion
  2051 | D:4      | Noticed a +0 short sword
  2052 | D:4      | Noticed a +0 short sword
  2052 | D:4      | Noticed a +0 spear
  2052 | D:4      | Noticed a +0 spear
  2052 | D:4      | Noticed a +0 falchion
  2064 | D:4      | Found a hide-covered altar of Uskayaw.
  2407 | D:4      | Noticed an ogre
  2766 | D:5      | Entered Level 5 of the Dungeon
  2951 | D:5      | Reached skill level 4 in Unarmed Combat
  2951 | D:5      | Gained mutation: Your demonic aura sometimes causes spilled
                  | blood to erupt in flames. [demonic ancestry]
  2951 | D:5      | Reached XP level 5. HP: 31/38 MP: 5/5
  3387 | D:5      | Reached skill level 5 in Unarmed Combat
  3387 | D:5      | Gained mutation: Your demonic aura often causes spilled
                  | blood to erupt in flames. [demonic ancestry]
  3387 | D:5      | Reached XP level 6. HP: 41/44 MP: 6/6
  3516 | D:5      | Noticed Menkaure
  3522 | D:5      | Killed Menkaure
  3695 | D:6      | Found a snail-covered altar of Cheibriados.
  3815 | D:6      | Reached skill level 1 in Stealth
  3815 | D:6      | Reached skill level 6 in Unarmed Combat
  3858 | D:6      | Noticed Duvessa
  3858 | D:6      | Noticed Dowan
  3965 | D:6      | Gained mutation: Spells you cast may paralyse adjacent
                  | enemies. [demonic ancestry]
  3965 | D:6      | Reached XP level 7. HP: 50/50 MP: 7/7
  4140 | D:6      | Reached * piety under Wu Jian
  4269 | D:6      | Noticed Sigmund
  4286 | D:6      | Killed Sigmund
  4287 | D:6      | Reached skill level 7 in Unarmed Combat
  4547 | D:6      | Found a stormy altar of Qazlal.
  4606 | D:6      | Identified the +4 long sword "Rinos" {venom, Fragile Will+
                  | MP+9}
  4614 | D:6      | Killed Duvessa
  4741 | D:6      | Killed Dowan
  4897 | D:7      | Reached XP level 8. HP: 54/56 MP: 8/8
  4946 | D:7      | Reached skill level 8 in Unarmed Combat
  5131 | D:7      | Noticed a two-headed ogre
  5709 | D:3      | Found a broken altar of Ashenzari.
  6525 | D:7      | Reached skill level 5 in Dodging
  6599 | D:7      | Reached ** piety under Wu Jian
  6599 | D:7      | HP: 3/60 [orc priest/divine providence (14)]
  6600 | D:7      | Gained mutation: Spells you cast may paralyse nearby
                  | enemies. [demonic ancestry]
  6600 | D:7      | Reached XP level 9. HP: 4/66 MP: 9/9
  7272 | D:8      | Noticed a two-headed ogre
  7567 | D:8      | Noticed Maurice
  7592 | D:8      | Killed Maurice
  7593 | D:8      | Reached skill level 5 in Fighting
  7741 | D:8      | Paralysed by a hornet for 1 turns
  7751 | D:8      | Slain by a hornet

Illustrated notes

Levels and vault maps discovered:
D:1:      grunt_arrival_lava_bath, layout_rooms
D:2:      layout_basic
D:3:      layout_basic, marbit_many_paths
D:4:      layout_basic, nicolae_uskayaw_en_pointe, minmay_temple_entry_grid,
          corexii_checkpoint_b
D:5:      layout_basic, chequers_serial_rivers_micro_c, uniq_menkaure
D:6:      layout_loops_corners, mainiacjoe_overflow_alcove_2, slow_altar_1,
          uniq_sigmund, uniq_duvessa
D:7:      layout_basic, minmay_misc_feat_rugged
D:8:      layout_basic, nicolae_vehumet_altar_sigil, led_sif_pool,
          gammafunk_temple_overflow_claw, chequers_serial_rivers_small_b,
          uniq_maurice
Temple:   grunt_temple_mini_profane

Skill      XL: |  1  2  3  4  5  6  7  8  9 |
---------------+----------------------------+-----
Polearms       | 3 |  3.2
Unarmed Combat | 1 2 4 5 6 7 8 |  8.1
Stealth        | 1 2 |  2.0
Dodging        | 5 7 |  7.0
Fighting       | 4 5 |  5.3
Throwing       | |  1.7

Action                   |  1- 3 |  4- 6 |  7- 9 || total
-------------------------+-------+-------+-------++-------
Melee: Trident           |    32 |       |       ||    32
       Unarmed           |   173 |   106 |   246 ||   525
       Tailslap          |    22 |    12 |    32 ||    66
       Punch             |     2 |     5 |     8 ||    15
       Kick              |       |    38 |    69 ||   107
Invok: Lunge             |       |     5 |    18 ||    23
       Whirlwind         |       |       |    14 ||    14
Evoke: Wand              |       |     1 |    13 ||    14
  Use: Potion            |       |       |     6 ||     6
       Scroll            |       |       |    15 ||    15
 Stab: Sleeping          |       |     3 |     7 ||    10
       Distracted        |       |       |     2 ||     2
Armor: Leather armour    |    94 |    34 |    97 ||   225
Dodge: Dodged            |   149 |    53 |   148 ||   350

Table legend: (Time is in decaauts)
 A = Elapsed time spent in this place.
 B = Non-inter-level travel time spent in this place.
 C = Inter-level travel time spent in this place.
 D = Time resting spent in this place.
 E = Time spent auto-exploring this place.
 F = Levels seen in this place.
 G = Mean time per level.
                   A        B        C        D        E       F      G
               +--------+--------+--------+--------+--------+-----+--------+
         Total |   7718 |   7275 |    443 |   1087 |   4225 |   9 |  857.6 |
       Dungeon |   7501 |   7089 |    412 |   1087 |   4058 |   8 |  937.6 |
        Temple |    217 |    186 |     31 |      0 |    167 |   1 |  217.0 |
               +--------+--------+--------+--------+--------+-----+--------+

Top non-repeatable levels by time:
     D:6: 1503 daAuts
     D:7: 1391 daAuts
     D:4: 994 daAuts
     D:5: 986 daAuts
     D:3: 826 daAuts
     D:2: 739 daAuts
     D:1: 625 daAuts
     D:8: 434 daAuts
  Temple: 217 daAuts
